 Dungeon Crawl Stone Soup version 0.19-a0-45-g2c295ea (webtiles) character file.

50 jyri the Magician (level 3, 19/19 HPs)
             Began as a Deep Elf Wizard on May 5, 2016.
             Quit the game on level 2 of the Dungeon.
             The game lasted 00:07:35 (1446 turns).

jyri the Magician (Deep Elf Wizard)                 Turns: 1446, Time: 00:07:36

Health: 19/19      AC:  2    Str:  4    XL:     3   Next: 55%
Magic:  8/11       EV: 12    Int: 23    God:
Gold:   57         SH:  0    Dex: 13    Spells: 2 memorised, 9 levels left

rFire  . . .     SeeInvis .     k - -2 dagger (curse)
rCold  . . .     Gourm    .     a - +0 robe
rNeg   . . .     Faith    .     (no shield)
rPois  .         Spirit   .     b - +0 hat
rElec  .         Dismiss  .     (no cloak)
rCorr  .         Reflect  .     (no gloves)
SustAt .         Harm     +     (no boots)
MR     .....                    m - amulet of harm
Stlth  ++........               (no ring)
                                (no ring)

@: not resistant to hostile enchantments, unstealthy
A: no striking features
a: no special abilities


You were on level 2 of the Dungeon.
You were not hungry.

You visited 1 branch of the dungeon, and saw 2 of its levels.

You collected 57 gold pieces.

Inventory:

Hand Weapons
 e - a +0 dagger
 h - a +0 hunting sling
 k - a cursed -2 dagger (weapon)
Missiles
 g - 47 stones (quivered)
 j - 10 poisoned needles
Armour
 a - a +0 robe (worn)
 b - a +0 hat (worn)
Jewellery
 m - an amulet of harm (around neck)
Wands
 l - a wand of flame (19/48)
Potions
 i - a potion of brilliance {unknown}
Books
 c - a book of Minor Magic

   Spells                             Type                      Level
   a - Magic Dart                     Conjuration                  1
   b - Blink                          Translocation                2
   c - Call Imp                       Summoning                    2
   d - Repel Missiles                 Charms/Air                   2
   e - Slow                           Hexes                        2
   f - Conjure Flame                  Conjuration/Fire             3
   g - Mephitic Cloud                 Conjuration/Poison/Air       3
Comestibles
 d - a bread ration
 f - 6 chunks of flesh


   Skills:
 - Level 2.4 Dodging
 - Level 2.4 Stealth
 + Level 5.4 Spellcasting
 + Level 2.9 Conjurations
   Level 1.1 Summonings
 - Level 1.1 Translocations


You had 9 spell levels left.
You knew the following spells:

 Your Spells              Type           Power        Failure   Level  Hunger
a - Magic Dart            Conj           ###.         2%          1    None
b - Blink                 Tloc           N/A          12%         2    None


Dungeon Overview and Level Annotations

Branches:
Dungeon (2/15)

Altars:


Message History

Casting: Magic Dart
Confirm with . or Enter, or press ? or * to list all spells.
Aiming: Magic Dart
Press: ? - help, Shift-Dir - straight line, f/p - kobold
Aim: a kobold, wielding a short sword (moderately wounded)
The magic dart hits the kobold.
The kobold is severely wounded.
Casting: Magic Dart
Confirm with . or Enter, or press ? or * to list all spells.
Aiming: Magic Dart
Press: ? - help, Shift-Dir - straight line, f/p - kobold
Aim: a kobold, wielding a short sword (severely wounded)
The magic dart hits the kobold.
You kill the kobold!
Casting: Magic Dart
Confirm with . or Enter, or press ? or * to list all spells.
You don't know that spell.
m - a twisted cameo amulet
m - an amulet of harm (around neck) Are you sure you want to abandon this character and quit the game? (Confirm with "yes".)

##### #####...#
...#...##
##......######
.[.##............##
#..)..@....)....)#
#..#.............#
##.#....#.....#
.........##...###
#####...#.......#
#####.##.##.#
#.##.# #.##รท#
#.##.# #


There were no monsters in sight!

Vanquished Creatures
  A worm (D:1)
  2 dart slugs (D:1)
  2 giant geckos (D:1)
  10 bats (D:1)
  5 goblins (D:1)
  2 hobgoblins (D:1)
  8 jackals
  3 giant newts (D:1)
  3 kobolds
  A rat (D:1)
37 creatures vanquished.

Notes
Turn   | Place    | Note
--------------------------------------------------------------
     0 | D:1      | jyri the Deep Elf Wizard began the quest for the Orb.
     0 | D:1      | Reached XP level 1. HP: 10/10 MP: 7/7
   270 | D:1      | Reached XP level 2. HP: 15/15 MP: 5/9
   851 | D:1      | Reached skill level 5 in Spellcasting
   959 | D:1      | Reached XP level 3. HP: 19/19 MP: 0/11
  1066 | D:1      | Learned a level 2 spell: Blink
  1446 | D:2      | Quit the game

Vault maps used:
D:1:      dpeg_arrival_short_road, serial_curves, eino_curves_03, eino_curves_03
D:2:      first_bread, minmay_strange_pillars

Skill      XL: |  1  2 |
---------------+-------+-----
Conjurations   | 2 |  2.9
Spellcasting   | 5 |  5.4
Dodging        | |  2.4
Stealth        | |  2.4
Summonings     | |  1.1
Translocations | |  1.1

Action                   || total
-------------------------++-------
Melee: Unarmed           ||     3
       Dagger            ||     2
 Cast: Magic Dart        ||    91
  Use: Scroll            ||     1
  Eat: Chunk             ||     1
Armor: Robe              ||     6
Dodge: Dodged            ||    23
